 Dungeon Crawl Stone Soup version 0.16-a0-702-gf4f471d (webtiles) character file.

2603 PolkaDot the Fighter (level 9, -1/181 HPs)
             Began as a Mottled Draconian Transmuter on Sept 20, 2014.
             Was a Priest of Okawaru.
             Killed by divine providence
             ... invoked by an orc priest
              (11 damage)
             ... on Level 8 of the Dungeon.
             The game lasted 00:35:27 (8100 turns).

PolkaDot the Fighter (Mottled Draconian Transmuter) Turns: 8100, Time: 00:35:28

HP  -1/181       AC 28     Str 19      XL: 9   Next: 33%
MP  15/15        EV  2     Int 13      God: Okawaru [***...]
Gold 264         SH  0     Dex 16      Spells:  4 memorised,  2 levels left

rFire  . . .     SeeInvis .       - Unarmed
rCold  . . .     Clarity  .     (armour unavailable)
rNeg   + + +     rCorr    .     (no shield)
rPois  +         rRot     .     (helmet restricted)
rElec  .         Spirit   .     w - melded +0 cloak
SustAb .         Warding  .     (gloves currently unavailable)
rMut   .         NoTele   +     (boots currently unavailable)
Gourm  .                        m - cursed amulet "Kailih" {+Rage rN+}
MR     .....                    k - +4 ring of protection
                                (no ring)

@: mighty, berserking, tree-form, very quick, not resistant to hostile
enchantments, extremely unstealthy
A: (breathe sticky flames), unfitting armour, (horns 0), agile 1,
(cold-blooded), AC +7
a: Heroism, Renounce Religion, Evoke Berserk Rage


You were on level 8 of the Dungeon.
You worshipped Okawaru.
Okawaru was most pleased with you.
You were hungry.
You were an animated tree.
You visited 1 branch of the dungeon, and saw 8 of its levels.
You also visited: Sewer.

You collected 313 gold pieces.
You spent 49 gold pieces at shops.

Inventory:

Missiles
 b - 19 arrows
 g - 4 steel javelins
 j - a throwing net
 r - 7 arrows of dispersal
 y - 14 tomahawks (quivered)
Armour
 w - a +0 cloak (melded)
Magical devices
 v - a wand of digging (12) {unknown}
 H - a wand of enslavement (2)
 J - a wand of random effects (17) {unknown}
Comestibles
 a - 10 bread rations
 f - 7 meat rations
 n - 4 slices of pizza
 p - 3 chunks of hobgoblin flesh
 s - 7 beef jerkies
 K - 2 rotting chunks of orc flesh
Scrolls
 c - a scroll of enchant armour {unknown}
 h - a scroll of immolation
 o - 4 scrolls of remove curse
 t - a scroll of fog {unknown}
 u - 2 scrolls of recharging
 x - 3 scrolls of magic mapping
 z - a scroll of random uselessness {unknown}
 A - 2 scrolls of teleportation {unknown}
 C - a scroll of identify
 D - 2 scrolls of enchant weapon {unknown}
 G - a scroll of noise {unknown}
Jewellery
 e - an uncursed ring of ice
 k - a +4 ring of protection (right branch)
 m - the cursed amulet "Kailih" (around neck) {+Rage rN+}
   (You found it on level 7 of the Dungeon)

   [amulet of rage]

   It protects you from negative energy.
   It lets you go berserk.
   It has a curse placed upon it.
 F - an uncursed ring of positive energy
Potions
 i - 4 potions of flight
 l - a potion of brilliance
 q - a potion of might
 B - 2 potions of lignification
Books
 d - a book of Changes

   Spells                             Type                      Level
   *Beastly Appendage                 Transmutation                1
   *Sticks to Snakes                  Transmutation                2
   *Spider Form                       Transmutation/Poison         3
   *Ice Form                          Ice/Transmutation            4
   Blade Hands                        Transmutation                5


   Skills:
 - Level 8.0 Fighting
 - Level 1.7 Dodging
 + Level 7.6 Unarmed Combat
 - Level 2.0 Spellcasting
 + Level 6.6 Transmutations
 - Level 2.0 Ice Magic
 * Level 4.0 Evocations


You had 2 spell levels left.
You knew the following spells:

 Your Spells              Type           Power        Failure   Level  Hunger
a - Beastly Appendage     Trmt           ###...       1%          1    ##.....
b - Ice Form              Ice/Trmt       ##......     50%         4    #####..
s - Sticks to Snakes      Trmt           ###.......   2%          2    ###....
z - Spider Form           Trmt/Pois      #.........   21%         3    ####...


Dungeon Overview and Level Annotations

Branches:
Dungeon (8/15)             Temple (0/1) D:4
   Lair: D:8-11

Altars:
Elyvilon
Fedhas
Okawaru
Qazlal

Shops:
D:5 ?   D:8 *:


Innate Abilities, Weirdness & Mutations

((You can spit globs of burning liquid.))
((You can ignite nearby creatures when you spit burning liquid.))
((Your weird mottled scales are hard (AC +7).))
Your body does not fit into most forms of armour.
((Your cold-blooded metabolism reacts poorly to cold.))
((You have a pair of small horns on your head.))
You are agile. (Dex +2)


Message History

Drink which item? (? for menu, Esc to quit)
You have got your breath back.
It was a potion of restore abilities.
The yak gores you but does no damage.
Drink which item? (? for menu, Esc to quit)
A red film seems to cover your vision as you go berserk!
You feel yourself moving faster!
You feel mighty!
It was a potion of berserk rage.
The orc wizard hits you but does no damage.
The yak gores you but does no damage.
The orc wizard mumbles some strange words.
The orc wizard blinks!
You closely miss the yak.
The orc wizard gestures wildly while chanting.
The orc wizard blinks!
You smack the yak!
The yak is moderately wounded.
The yak gores you but does no damage.
The orc priest invokes the aid of Beogh against you.
Something smites you!
You die...

############ #..........#
'..........# . #..........# ....
#..........# ... . #..........#
.Y. .. #..........# #Y##.# #+#
##♣..###..#########
###o##o####.####Yo.####..........
...?........#..oo...o....>.......
.))).....o..'..<§................
.........Y.o#o...................
#......##.o.###+######...........
....'####...##......##.........?.
∩.#....##.o.##...................
........o....+...................


You could see a yak, 2 orc priests, an orc wizard and 2 orcs.

Vanquished Creatures
  The ghost of asdu the Slasher, an average VSAK of Lugonu (Sewer)
  Eustachio (D:4)
  2 hippogriffs (D:7)
  Purgy (Sewer)
  A phantom (D:4)
  5 ogres
  2 giant frogs (D:7)
  4 killer bees (D:7)
  2 scorpions (D:4)
  2 crimson imps
  2 hounds
  2 giant frog skeletons (D:4)
  4 jellies (D:7)
  5 orc priests
  6 orc wizards
  Natasha (thrice) (D:3)
  5 worker ants
  An iguana (D:5)
  Ijyb (D:4)
  3 gnolls (D:3)
  A worker ant zombie (D:4)
  6 adders
  5 worms (D:2)
  3 giant mites
  An inept item mimic (D:2)
  2 adder skeletons
  An iguana skeleton (D:7)
  4 giant geckos
  An ooze (D:1)
  22 orcs
  A bat zombie (D:4)
  10 goblins
  8 hobgoblins
  4 jackals
  7 quokkas
  15 bats
  12 giant cockroaches
  A giant gecko skeleton (D:4)
  2 giant newts
  A goblin skeleton (D:4)
  A goblin zombie (D:4)
  A hobgoblin zombie (D:6)
  15 kobolds
  2 orc skeletons
  3 orc zombies (D:4)
  2 quokka zombies (D:4)
  12 rats
196 creatures vanquished.

Vanquished Creatures (others)
  An orc priest (D:7)
  An orc (D:3)
2 creatures vanquished.

Grand Total: 198 creatures vanquished

Notes
Turn   | Place    | Note
--------------------------------------------------------------
     0 | D:1      | PolkaDot, the Draconian Transmuter, began the quest for the Orb.
     0 | D:1      | Reached XP level 1. HP: 16/16 MP: 3/3
   214 | D:1      | Reached XP level 2. HP: 15/23 MP: 2/4
   862 | D:2      | Reached XP level 3. HP: 9/29 MP: 6/6
  1633 | D:2      | Reached XP level 4. HP: 30/37 MP: 7/7
  1744 | D:2      | Reached skill level 4 in Unarmed Combat
  1749 | D:2      | Learned a level 2 spell: Sticks to Snakes
  1753 | D:2      | Learned a level 3 spell: Spider Form
  2089 | D:3      | Found an iron altar of Okawaru.
  2112 | D:3      | Became a worshipper of Warmaster Okawaru
  2120 | D:3      | Reached XP level 5. HP: 36/42 MP: 7/9
  2290 | D:3      | Found a white marble altar of Elyvilon.
  2364 | D:3      | Noticed Natasha
  2383 | D:3      | Killed Natasha
  2546 | D:3      | Noticed Natasha
  2559 | D:3      | Killed Natasha
  2660 | D:3      | Noticed Natasha
  2670 | D:3      | Killed Natasha
  3048 | D:4      | Reached skill level 5 in Unarmed Combat
  3239 | D:4      | Reached XP level 6. HP: 13/51 MP: 6/10
  3560 | D:4      | Noticed Eustachio
  3569 | D:4      | Killed Eustachio
  3618 | D:4      | Noticed Ijyb
  3657 | D:4      | Killed Ijyb
  3668 | D:4      | Acquired Okawaru's first power
  3966 | D:4      | Your scales start taking on a weird mottled pattern.
  3966 | D:4      | Reached XP level 7. HP: 57/60 MP: 12/12
  4059 | D:4      | Noticed a phantom
  4076 | D:4      | Killed a phantom
  4076 | D:4      | Reached skill level 5 in Fighting
  4292 | D:4      | Found a staircase to the Ecumenical Temple.
  4298 | D:4      | Noticed an ogre
  4303 | D:4      | Killed an ogre
  4632 | D:5      | Entered Level 5 of the Dungeon
  4695 | D:5      | Found a blossoming altar of Fedhas.
  4725 | D:5      | Reached skill level 6 in Fighting
  4792 | D:5      | Found a glowing drain.
  4814 | D:5      | Reached skill level 5 in Transmutations
  4831 | Sewer    | Entered a sewer
  4831 | Sewer    | Noticed asdu's ghost (average VSAK)
  4850 | Sewer    | Killed asdu's ghost
  4850 | Sewer    | Reached XP level 8. HP: 61/71 MP: 13/13
  4965 | Sewer    | Noticed Purgy
  4982 | Sewer    | Killed Purgy
  5173 | D:5      | Reached skill level 7 in Fighting
  5210 | D:5      | Found Smerith's Magic Scroll Boutique.
  5213 | D:5      | Bought a scroll of magic mapping for 49 gold pieces
  6373 | D:7      | Reached skill level 8 in Fighting
  6502 | D:7      | Learned a level 4 spell: Ice Form
  6548 | D:7      | Got an ancient bone amulet
  6572 | D:7      | Gained mutation: You have a pair of small horns on your head. [potion of mutation]
  6572 | D:7      | Gained mutation: You are agile. (Dex +2) [potion of mutation]
  6616 | D:7      | Identified the cursed amulet "Kailih" {+Rage rN+} (You found it on level 7 of the Dungeon)
  6830 | D:7      | Reached skill level 1 in Ice Magic
  7140 | D:7      | Reached skill level 1 in Evocations
  7153 | D:7      | Reached XP level 9. HP: 73/81 MP: 14/14
  7244 | D:7      | Found a stormy altar of Qazlal.
  7995 | D:8      | Noticed a griffon
  8010 | D:8      | Found Kliblykku's Book Shop.
  8033 | D:8      | Found Ciroj's General Store.
  8050 | D:8      | Noticed a griffon
  8051 | D:8      | Noticed a griffon
  8051 | D:8      | Noticed a griffon
  8096 | D:8      | HP: 6/121 [yak (5)]
  8100 | D:8      | Killed from afar by an orc priest

Action                   |  1- 3 |  4- 6 |  7- 9 || total
-------------------------+-------+-------+-------++-------
Melee: Unarmed           |   110 |   191 |   328 ||   629
Throw: Javelin           |    15 |     4 |       ||    19
       Tomahawk          |       |       |     6 ||     6
 Cast: Beastly Appendage |    12 |    18 |    26 ||    56
       Spider Form       |       |     2 |       ||     2
Invok: Heroism           |       |       |     1 ||     1
 Abil: Breathe Sticky Fl |       |       |    27 ||    27
       Evoke Berserk Rag |       |       |     1 ||     1
Evoke: Wand              |       |       |     9 ||     9
  Use: Potion            |       |     1 |    14 ||    15
       Scroll            |       |       |    12 ||    12
 Stab: Invisible         |       |       |     6 ||     6
       Sleeping          |       |       |     5 ||     5
  Eat: Chunk             |     2 |     6 |    18 ||    26
       Bread ration      |       |     1 |       ||     1
